 Dungeon Crawl Stone Soup version 0.29.1-15-g9cfb28693d (webtiles) character file.

Game seed: 13426628601188846412

5446 GeoRichter the Thaumaturge (level 11, -3/81 HPs)
             Began as a Djinni Conjurer on Mar 1, 2023.
             Was an Initiate of Ashenzari.
             Slain by a komodo dragon (28 damage)
             ... on level 1 of the Lair of Beasts.
             The game lasted 00:15:46 (9970 turns).

GeoRichter the Thaumaturge (Djinni Conjurer)        Turns: 9970, Time: 00:15:46

Health: -3/81      AC: 12    Str:  6    XL:     11   Next: 0%
Gold:   457        EV: 12    Int: 24    God:    Ashenzari [......] SH:  0 Dex: 12

rFire   + + .      SeeInvis .   l - +12 spear "Prophetic Gloom" {vorpal, rC+ rN+ Stlth+, Fort, Cun} (curse)
rCold   . . .      Faith    .   (no shield)
rNeg    + + .      Spirit   .   B - +3 leather armour of the Ego {rN+}
rPois   ∞          Reflect  .   C - +1 helmet
rElec   .          Harm     .   k - +2 cloak
rCorr   .          Rampage  .   h - +0 pair of gloves
Will    +....                   (boots unavailable)
Stlth   +++.......              (no amulet)
HPRegen 0.23/turn               n - ring of wizardry
MPRegen 0.00/turn               (no ring)

@: about to teleport, flying
A: sickness immunity, fire resistance 2, cold vulnerability 1, float, innate
caster, HP casting, extra vitality 1
a: Renounce Religion, Shatter the Chains


You were on level 1 of the Lair of Beasts.
You worshipped Ashenzari.
Ashenzari was noncommittal.
You visited 3 branches of the dungeon, and saw 10 of its levels.

You collected 505 gold pieces.
You spent 48 gold pieces at shops.

Inventory:

Hand Weapons
 l - the cursed +12 spear "Prophetic Gloom" (weapon) {vorpal, rC+ rN+ Stlth+, Fort, Cun}
   (You found it on level 3 of the Dungeon)

   It inflicts extra damage upon your enemies.
   rC:        It protects you from cold.
   rN:        It protects you from negative energy.
   Stlth:     It makes you more stealthy.
   It has a curse which improves the following skills: Fortitude: Armour and
   Shields.
   Cunning:   Dodging and Stealth.
Armour
 h - a +0 pair of gloves (worn)
   (You found it on level 1 of the Dungeon)
 k - a +2 cloak (worn)
   (You found it on level 1 of the Dungeon)
 A - the +0 leather armour of the Barber Surgeon {rF- rC+++ MP+9 Str-5}
   (You found it on level 6 of the Dungeon)

   Str:       It affects your strength (-5).
   rF:        It makes you vulnerable to fire.
   rC:        It renders you almost immune to cold.
   MP:        It affects your magic capacity (+9).
 B - the +3 leather armour of the Ego (worn) {rN+}
   (You found it on level 7 of the Dungeon)

   rN:        It protects you from negative energy.
 C - a +1 helmet (worn)
   (You found it on level 8 of the Dungeon)
Jewellery
 n - a ring of wizardry (left hand)
   (You found it on level 2 of the Dungeon)
 s - a ring of ice
   (You found it on level 4 of the Dungeon)
Wands
 o - a wand of charming (21)
   (You took it off Ijyb on level 3 of the Dungeon)
 w - a wand of polymorph (8)
   (You found it on level 5 of the Dungeon)
 z - a wand of iceblast (13)
   (You found it on level 6 of the Dungeon)
Scrolls
 b - a scroll of amnesia {unknown}
 c - 4 scrolls of teleportation {@r4}
 i - a scroll of magic mapping {unknown}
 q - 3 scrolls of vulnerability {!r}
 r - a scroll of immolation {unknown}
 t - a scroll of blinking {unknown}
 v - 2 scrolls of noise {!r}
 x - a scroll of enchant weapon {unknown}
 y - a scroll of fog {unknown}
Potions
 a - a potion of magic {unknown}
 d - 3 potions of brilliance
 e - a potion of haste {unknown}
 f - 2 potions of ambrosia
 g - a potion of might
 j - 2 potions of cancellation
 m - 3 potions of curing {@q1}
 p - 5 potions of lignification {!q}
 u - a potion of attraction {!q}
 D - a potion of heal wounds {unknown}


   Skills:
 + Level 8.0 Fighting
 + Level 3.9(4.3) Dodging
 + Level 4.0(4.4) Stealth
 * Level 10.0 Spellcasting
 - Level 2.0 Evocations


You had 3 spell levels left.
You knew the following spells:

 Your Spells              Type           Power      Damage    Failure   Level
a - Magic Dart            Conj           100%       1d8       1%          1
b - Searing Ray           Conj           100%       2d8       1%          2
c - Dazzling Flash        Conj/Hex       100%       N/A       1%          3
d - Fulminant Prism       Conj/Hex       28%        3d14      1%          4
e - Iskenderun's Mystic   Conj/Tloc      56%        2d12      1%          4
f - Slow                  Hex            100%       N/A       1%          1
g - Static Discharge      Conj/Air       56%        3-10/arc  1%          2
h - Blink                 Tloc           100%       N/A       1%          2
i - Confusing Touch       Hex            56%        N/A       1%          3
j - Irradiate             Conj/Tmut      28%        3d21      1%          5
Your spell library was empty.

Dungeon Overview and Level Annotations

Branches:
Dungeon (8/15) Zot: 25704  Temple (1/1) D:7 Zot: 5964    Lair (1/5) D:8 Zot: 5756

Altars:
Ashenzari
Cheibriados
Dithmenos
Elyvilon
Fedhas
Gozag
Hepliaklqana
Makhleb
Nemelex Xobeh
Okawaru
Ru
Trog
Uskayaw
Wu Jian
Xom
Yredelemnul
Zin
The Shining One

Shops:
D:1 (   D:7 *


Innate Abilities, Weirdness & Mutations

You are immune to sickness and miasma.
You are immune to poison.
Your flesh is very heat resistant. (rF++)
You are vulnerable to cold. (rC-)
You float through the air rather than walking.
You learn spells naturally, not from books.
Your magical power is your life essence.
You have superior vitality. (+4 MHP)


Message History

You erupt in a blast of force!
The mystic blast hits the fungus!!
The fungus begins to die.
The mystic blast hits the bullfrog!
You kill the bullfrog!
* * * LOW HITPOINT WARNING * * *
Your Stealth skill increases to level 4!
A nearby fungus withers and dies.
There is an open door here.
A wolf comes into view.
The wolf moves out of view.
The wolf howls!
You hear a howl! x2 2 wolves come into view.
The wolf moves out of view.
A wolf comes into view. x2
The wolf bites you.
* * * LOW HITPOINT WARNING * * *
You erupt in a blast of force!
The mystic blast hits the komodo dragon!
The komodo dragon is knocked back by the mystic blast.
The komodo dragon slams into the rock wall!
The mystic blast hits the wolf!
The wolf is knocked back by the mystic blast.
The mystic blast hits the wolf!
The wolf is knocked back by the mystic blast.
The wolf collides with the wolf!
* * * LOW HITPOINT WARNING * * *
You hear a howl!
You hear an angry hiss.
A wolf comes into view.
A komodo dragon comes into view.
The komodo dragon hisses angrily.
The wolf misses you.
There is a staircase back to the Dungeon here.
You erupt in a blast of force!
The mystic blast hits the komodo dragon!
The komodo dragon is knocked back by the mystic blast.
The komodo dragon collides with the yak!
The mystic blast hits the wolf!
You kill the wolf!
The mystic blast hits the wolf!
You kill the wolf!
* * * LOW HITPOINT WARNING * * *
Your Fighting skill increases to level 8!
Your Spellcasting skill increases to level 10!
You have reached level 11!
The power to cast Irradiate wells up from within.
Spell assigned to 'j'.
Okay, then.
As you read the scroll of teleportation {@r4}, it crumbles to dust.
You feel strangely unstable. The wolf closely misses you.
The komodo dragon bites you!!
You die...

## #### # ##.#####..##
#######.##
#..........####l@÷.....#
#.......^..'..Y#†hh.....
#..........###...†hh....
#..........# ###.......~
P..........# ####.l.~~
#..........# ..~~≈
#P..P...##.# .~~~
#......#.### ~~≈~
...........# ~≈~


You could see 2 komodo dragons, a yak and 4 wolves.

Vanquished Creatures
  A cane toad (Lair:1)
  A wyvern (D:8)
  10 yaks
  2 basilisks
  A water moccasin (D:5)
  An ice beast (D:7)
  2 sky beasts (D:7)
  2 black bears
  2 wolves (Lair:1)
  5 ogres
  A centaur (D:8)
  2 phantoms (D:5)
  A kobold brigand (D:6)
  2 bullfrogs
  3 scorpions
  A gnoll sergeant (D:6)
  A necrophage (D:7)
  5 wights (D:8)
  5 howler monkeys
  3 jellies
  4 orc priests
  6 hounds
  3 iguanas
  Ijyb (D:3)
  7 orc wizards
  7 gnolls
  9 adders
  A shadow imp (D:5)
  A white imp (D:8)
  4 ufetubi
  A dart slug (D:4)
  37 orcs
  2 bats (D:3)
  3 endoplasms
  4 giant cockroaches
  7 goblins
  9 hobgoblins
  6 jackals (D:2)
  5 quokkas
  3 ball pythons
  5 frilled lizards
  15 kobolds
191 creatures vanquished.

Vanquished Creatures (others)
  A fulminant prism (D:6)
  5 fungi
  3 plants (Lair:1)
9 creatures vanquished.

Grand Total: 200 creatures vanquished

Notes
Turn   | Place    | Note
-------+----------+-------------------------------------------
     0 | D:1      | GeoRichter the Djinni Conjurer began the quest for the Orb.
     0 | D:1      | GeoRichter set off with the following spells memorised:
                  | Magic Dart, Searing Ray, Dazzling Flash, Fulminant Prism,
                  | Iskenderun's Mystic Blast.
     0 | D:1      | Reached XP level 1. HP: 15/15 MP: 0/0
   421 | D:1      | Found Uralipn's Weapon Boutique.
   457 | D:1      | Reached XP level 2. HP: 16/21 MP: 0/0
   979 | D:2      | You are sucked into a shaft and drop 2 floors!
  1165 | D:3      | Identified the +12 spear of Distant Worlds {vorpal, rC+ rN+
                  | Stlth+}
  1242 | D:3      | Found a snail-covered altar of Cheibriados.
  1259 | D:2      | Reached XP level 3. HP: 19/25 MP: 0/0
  1259 | D:2      | Learned a level 1 spell: Slow
  1633 | D:2      | Found a shimmering altar of Xom.
  2095 | D:3      | Reached XP level 4. HP: 28/31 MP: 0/0
  2219 | D:3      | Noticed Ijyb
  2244 | D:3      | Killed Ijyb
  2369 | D:3      | Reached skill level 4 in Spellcasting
  2369 | D:3      | Reached XP level 5. HP: 11/35 MP: 0/0
  2369 | D:3      | Learned a level 2 spell: Static Discharge
  2889 | D:3      | Found a shimmering altar of Xom.
  3289 | D:4      | Reached skill level 1 in Fighting
  3391 | D:4      | Reached XP level 6. HP: 38/42 MP: 0/0
  3658 | D:4      | Noticed an ogre
  3663 | D:4      | Killed an ogre
  3664 | D:4      | Reached skill level 5 in Spellcasting
  3879 | D:4      | Reached XP level 7. HP: 47/49 MP: 0/0
  3879 | D:4      | Learned a level 2 spell: Blink
  4751 | D:5      | Entered Level 5 of the Dungeon
  4769 | D:5      | Reached skill level 6 in Spellcasting
  4769 | D:5      | Reached XP level 8. HP: 50/56 MP: 0/0
  5289 | D:5      | Found a bloodstained altar of Trog.
  5673 | D:5      | Found an iron altar of Okawaru.
  5674 | D:5      | Found a glowing golden altar of the Shining One.
  5677 | D:5      | Found a hide-covered altar of Uskayaw.
  5679 | D:5      | Found an ornate altar of the Wu Jian Council.
  5679 | D:5      | Found a white marble altar of Elyvilon.
  5690 | D:5      | Found a sacrificial altar of Ru.
  5983 | D:6      | Reached skill level 7 in Spellcasting
  6170 | D:6      | Found a basalt altar of Yredelemnul.
  6186 | D:6      | Reached skill level 5 in Fighting
  6428 | D:6      | Reached XP level 9. HP: 55/65 MP: 0/0
  6428 | D:6      | Learned a level 3 spell: Confusing Touch
  6612 | D:6      | Identified the +0 leather armour of the Barber Surgeon {rF-
                  | rC+++ MP+9 Str-5}
  6675 | D:6      | Reached skill level 1 in Evocations
  6904 | D:7      | Reached skill level 8 in Spellcasting
  7352 | D:7      | Found a staircase to the Ecumenical Temple.
  7403 | Temple   | Entered the Ecumenical Temple
  7431 | Temple   | Became a worshipper of Ashenzari the Shackled
  7448 | D:7      | Reached XP level 10. HP: 51/73 MP: 0/0
  7602 | D:7      | Identified the +3 leather armour of the Ego {rN+}
  7774 | D:7      | Found an opulent altar of Gozag.
  8098 | D:7      | Reached skill level 9 in Spellcasting
  8207 | D:7      | Found Piubuitz's General Store.
  8211 | D:7      | Bought a scroll of identify for 24 gold pieces
  8211 | D:7      | Bought a scroll of identify for 24 gold pieces
  8852 | D:8      | Found a staircase to the Lair.
  9727 | Lair:1   | Entered Level 1 of the Lair of Beasts
  9833 | Lair:1   | Noticed a cane toad
  9842 | Lair:1   | Killed a cane toad
  9940 | Lair:1   | Noticed a komodo dragon
  9968 | Lair:1   | Noticed a komodo dragon
  9970 | Lair:1   | Reached skill level 10 in Spellcasting
  9970 | Lair:1   | Reached XP level 11. HP: 25/81 MP: 0/0
  9970 | Lair:1   | Learned a level 5 spell: Irradiate
  9970 | Lair:1   | Slain by a komodo dragon

Illustrated notes

Levels and vault maps discovered:
D:1:      roderic_crossed_star, layout_basic, serial_shops,
          nicolae_shop_bloodbath_and_beyond
D:2:      layout_rooms, basic_altar
D:3:      layout_basic, fiery_altar_vehumet, nicolae_overflow_crystal_walls,
          old_standard_altar, uniq_ijyb
D:4:      minmay_chambers_of_twos, layout_basic
D:5:      layout_rooms, amcnicky_altar_gilded, grunt_temple_overflow_open,
          corexii_hall_statues_s
D:6:      layout_basic, mainiacjoe_overflow_24_doors
D:7:      layout_loops_corners, grunt_gozag_breadcrumbs,
          minmay_temple_entry_stoned_glass, serial_shops, shop
D:8:      layout_loops_cross, david_lair_generic
Temple:   nicolae_temple_cloud_nine
Lair:1:   layout_roguey [special_room_bee], grunt_megastairs_4,
          infiniplex_staircase_pool_2

Skill      XL: |  1  2  3  4  5  6  7  8  9 10 |
---------------+-------------------------------+-----
Stealth        | 2 3 4 |  4.0
Spellcasting   | 4 5 6 7 8 10 | 10.0
Fighting       | 1 2 3 5 6 8 |  8.0
Evocations     | 2 |  2.0
Dodging        | 3 |  3.9

Action                   |  1- 3 |  4- 6 |  7- 9 | 10-12 || total
-------------------------+-------+-------+-------+-------++-------
Melee: Spear             |     3 |    22 |     2 |     5 ||    32
       Short sword       |     1 |       |       |       ||     1
 Cast: Magic Dart        |    74 |    97 |   170 |   104 ||   445
       Searing Ray       |       |     2 |    12 |     6 ||    20
       Iskenderun's Myst |       |       |    22 |    27 ||    49
       Fulminant Prism   |       |       |     1 |       ||     1
Invok: Curse Item        |       |       |       |     1 ||     1
  Use: Potion            |       |     2 |       |       ||     2
       Scroll            |       |     5 |     2 |     3 ||    10
Armor: Robe              |     1 |    14 |     8 |       ||    23
       Leather armour    |       |       |       |    10 ||    10
Dodge: Dodged            |     3 |    26 |    34 |    17 ||    80
